 Dungeon Crawl Stone Soup version 0.25-a0-667-gb977e01cb5 (webtiles) character file.

Game seed: 11906406670441301664, levelgen mode: deterministic

5 sanka the Skirmisher (level 1, -4/11 HPs)
             Began as a Felid Wanderer on Mar 27, 2020.
             Slain by a leopard gecko (5 damage)
             ... on level 1 of the Dungeon.
             The game lasted 00:00:24 (172 turns).

sanka the Skirmisher (Felid Wanderer)                Turns: 172, Time: 00:00:25

Health: -4/11      AC:  1    Str:  7    XL:     1   Next: 66%
Magic:  3/3        EV: 16    Int: 13    God:
Gold:   0          SH:  0    Dex: 16    Spells: 1/2 levels left
                                        Lives:  0   Deaths: 0

rFire    . . .     SeeInvis +     - Unarmed
rCold    . . .     Gourm    .   (shield unavailable)
rNeg     . . .     Faith    .   (armour unavailable)
rPois    .         Spirit   .   (helmet unavailable)
rElec    .         Reflect  .   (cloak unavailable)
rCorr    .         Harm     .   (gloves unavailable)
MR       .....                  (boots unavailable)
Stlth    ++........             (no amulet)
HPRegen  0.03/turn              (no ring)
MPRegen  0.08/turn              (no ring)

@: quick
A: very small, no armour, no weapons or thrown items, stealth, claws 1, fangs 3,
see invisible, carnivore, speed 1, shaggy fur 1, slow metabolism 1, sharp paws
a: no special abilities


You were on level 1 of the Dungeon.
You were not hungry.

You visited 1 branch of the dungeon, and saw 1 of its levels.


Innate Abilities, Weirdness & Mutations

You cannot wear armour.
You are incapable of wielding weapons or throwing items.
Your paws allow you to move quietly. (Stealth)
You have sharp claws.
You have razor-sharp teeth.
You have supernaturally acute eyesight. (SInv)
You are carnivorous and can eat meat at any time.
You cover ground quickly.
You are covered in fur. (AC +1)
You have a slow metabolism.
Your sharp claws are effective at attacking unaware monsters.


   Skills:
 - Level 4.0 Fighting
 - Level 1.3 Dodging
 - Level 1.3 Stealth
 + Level 1.3 Unarmed Combat
 - Level 1.0 Spellcasting
   Level 1.7 Conjurations
   Level 1.1 Evocations


You had one spell level left.
You knew the following spells:

 Your Spells              Type           Power        Failure   Level  Hunger
z - Beastly Appendage     Tmut           #.....       28%         1    ##.....

Your spell library contained the following spells:

 Spells                   Type           Power        Failure   Level  Hunger
 Spider Form              Tmut/Pois      #.........   63%         3    ####...

Inventory:

Potions
 b - a potion of lignification {!q}
Comestibles
 c - a ration

Dungeon Overview and Level Annotations

Branches:
Dungeon (1/15)

Altars:

▒▒ ▒▒ ▒.. ...▒. ▒.▒ ▒▒
▒.▒.▒▒.▒▒▒ .. ........▒
▒▒▒▒.▒ ▒▒▒..▒.▒.▒ . .....
.......▒.▒▒▒
....▒..▒▒▒▒▒▒▒..)....▒▒
.......rlh...........▒
▒.▒..▒.▒▒.▒▒.▒......▒▒▒
▒....▒.▒▒.▒▒.▒........▒ ▒
▒....▒g▒▒.▒▒.▒.▒▒▒'▒▒.▒.▒
▒.........▒▒.▒.▒ ▒......▒
.............▒.▒.▒▒▒....▒▒▒
r.....▒▒.▒▒▒.▒.........▒▒
...... ▒.▒ .▒▒▒.▒▒▒▒▒.▒
▒▒▒▒▒ ▒.▒ .▒ ▒.▒ ▒▒▒(▒


You could see a leopard gecko and a rat.


Message History

You closely miss the goblin.
The goblin is moderately wounded.
The goblin misses you.
The leopard gecko hisses angrily.
You scratch the goblin but do no damage.
Your bite misses the goblin.
The goblin is moderately wounded.
The goblin closely misses you.
You scratch the goblin.
The goblin is almost dead.
The goblin hits you with a +0 club.
* * * LOW HITPOINT WARNING * * *
You scratch the goblin.
You kill the goblin!
You miss the leopard gecko. Your bite misses the leopard gecko.
The leopard gecko completely misses you.
You scratch the leopard gecko.
The leopard gecko is severely wounded.
The leopard gecko bites you.
* * * LOW HITPOINT WARNING * * *
The leopard gecko barely misses you.
You barely miss the leopard gecko.
The leopard gecko is severely wounded.
The leopard gecko barely misses you.
You miss the leopard gecko. Your bite misses the leopard gecko.
The leopard gecko is severely wounded.
The leopard gecko bites you.
You die...

Action                   || total
-------------------------++-------
Melee: Unarmed           ||    30
       Punch             ||     1
  Eat: Chunk             ||     1
Armor: Skin              ||     5
Dodge: Dodged            ||    22

Levels and vault maps discovered:
D:1:      minmay_arrival_split_and_join, layout_basic, cheibriados_altar_1

Notes
Turn   | Place    | Note
-------+----------+-------------------------------------------
     0 | D:1      | sanka the Felid Wanderer began the quest for the Orb.
     0 | D:1      | sanka set off with the following items: a potion of
                  | lignification {!q}, a ration; and the following spell
                  | memorised: Beastly Appendage; and the following spells
                  | available to memorise: Spider Form
     0 | D:1      | Reached XP level 1. HP: 11/11 MP: 3/3
   160 | D:1      | Reached skill level 1 in Unarmed Combat
   170 | D:1      | HP: 1/11 [leopard gecko (2)]
   172 | D:1      | Slain by a leopard gecko

Vanquished Creatures
  A goblin (D:1)
  A hobgoblin (D:1)
  2 bats (D:1)
  A kobold (D:1)
  A rat (D:1)
6 creatures vanquished.
